 Dungeon Crawl Stone Soup version 0.22.0-13-g43fe8f24b8 (webtiles) character file.

1734 Gorg the Cleaver (level 9, -7/80 HPs)
             Began as a Hill Orc Monk on Aug 17, 2018.
             Was a Believer of Beogh.
             Shot with a sling bullet by Joseph (10 damage)
             ... on level 7 of the Dungeon.
             The game lasted 00:13:03 (8954 turns).

Gorg the Cleaver (Hill Orc Monk)                    Turns: 8954, Time: 00:13:05

Health: -7/80      AC: 12    Str: 15    XL:     9   Next: 5%
Magic:  0/9        EV:  4    Int: 12    God:    Beogh [**....]
Gold:   295        SH:  0    Dex: 13    Spells: 8/8 levels left

rFire    + . .     SeeInvis .   t - +3 bardiche of Valour {drain, rF+ MR+}
rCold    . . .     Gourm    .   (shield currently unavailable)
rNeg     . . .     Faith    .   q - +1 plate armour
rPois    .         Spirit   +   (no helmet)
rElec    .         Reflect  .   (no cloak)
rCorr    +         Harm     .   (no gloves)
MR       ++...                  (no boots)
Stlth    ..........             e - amulet of guardian spirit
HPRegen  0.23/turn              u - ring of protection from magic
MPRegen  0.11/turn              j - ring of resist corrosion

@: heavily drained
A: no striking features
a: Smiting, Renounce Religion


You were on level 7 of the Dungeon.
You worshipped Beogh.
Beogh was pleased with you.
You were very hungry.

You visited 1 branch of the dungeon, and saw 7 of its levels.

You collected 295 gold pieces.

Inventory:

Hand Weapons
 a - a +0 hand axe
 t - the +3 bardiche of Valour (weapon) {drain, rF+ MR+}
   (You acquired it on level 7 of the Dungeon)

   A truly terrible weapon, it drains the life of those it strikes.
   It protects you from fire.
   It affects your resistance to hostile enchantments.
Armour
 d - a -2 scale mail
 q - a +1 plate armour (worn)
Jewellery
 e - an amulet of guardian spirit (around neck)
 j - a ring of resist corrosion (right hand)
 u - a ring of protection from magic (left hand)
Wands
 w - a wand of clouds (2)
Scrolls
 g - 3 scrolls of enchant armour
 k - a scroll of enchant weapon {unknown}
 m - a scroll of teleportation
 n - 7 scrolls of identify
 o - 3 scrolls of remove curse
Potions
 b - a potion of flight {unknown}
 f - 3 potions of berserk rage {unknown}
 h - a potion of brilliance {unknown}
 i - a potion of heal wounds {unknown}
 l - 2 potions of lignification {unknown}
 p - 4 potions of curing
 r - 2 potions of agility {unknown}
 s - a potion of might {unknown}
 v - 2 potions of degeneration {unknown}
Comestibles
 c - 3 rations


   Skills:
 + Level 7.6(5.9) Fighting
 * Level 11.0(9.1) Axes
 + Level 5.9(4.2) Armour
 - Level 2.4(0.8) Dodging
 - Level 1.5(0.0) Stealth
 + Level 0.3(0.0) Invocations


You had 8 spell levels left.
You didn't know any spells.
Your spell library contained the following spells:

 Spells                   Type           Power        Failure   Level  Hunger
 Throw Frost              Conj/Ice       #.....       100%        2    ###....
 Freeze                   Ice            #...         100%        1    ##.....
 Summon Ice Beast         Ice/Summ       #.......     100%        4    #####..
 Ozocubu's Armour         Chrm/Ice       #.......     100%        3    ####...
 Throw Icicle             Conj/Ice       #.......     100%        4    #####..


Dungeon Overview and Level Annotations

Branches:
Dungeon (7/15)
 Temple: D:4-7

Altars:
Ashenzari
Nemelex Xobeh
Qazlal
Wu Jian
Xom
Zin

Shops:
D:6 ?   D:7 =

Annotations:
D:7 Joseph


Message History

* * * LOW HITPOINT WARNING * * *
Joseph shoots a sling bullet.
The sling bullet hits you.
* * * LOW HITPOINT WARNING * * *
Attack whom?
Press: ? - help, Dir - move target cursor, f/p - Joseph
Aim: Joseph, wielding a hunting sling and wearing a leather armour (heavily wounded)
You reach to attack!
You closely miss Joseph.
Joseph is heavily wounded.
Joseph shoots a sling bullet.
The sling bullet hits you.
* * * LOW HITPOINT WARNING * * *
Attack whom?
Press: ? - help, Dir - move target cursor, f/p - Joseph
Aim: Joseph, wielding a hunting sling and wearing a leather armour (heavily wounded)
You reach to attack!
Your plate armour prevents you from hitting Joseph.
Joseph is heavily wounded.
Joseph shoots a sling bullet.
The sling bullet hits you but does no damage.
Joseph shoots a sling bullet.
The sling bullet hits you!
You die... #.....# ...K. ..# KKK

####### #.# #@# ......# #.#
#)# #...... #.# #K# #..##..
#.# ##@## #..##.. #.# ##(..##
#..##.. ###.# ##@....##
#..#... ##.#.# ##.......#
#..#.#.
##....###.........####....#.
#.......'.........+.........
###....###.........###......(
#......# ##.......## #.#.#.##
#.###### ##...(.## #.###.##
#.# ##...## #.....## #.# #+##
#.######


You could see Joseph and a big kobold.

Vanquished Creatures
  Eustachio (D:4)
  A hungry ghost (D:7)
  Duvessa (D:4)
  An ice beast (D:7)
  A sky beast (D:7)
  2 ogres
  5 bullfrogs
  Dowan (D:4)
  A howler monkey (D:5)
  4 crimson imps
  2 jellies (D:7)
  An orc priest (D:7)
  A bullfrog skeleton (D:4)
  Natasha (thrice) (D:3)
  An iguana (D:5)
  An orc wizard (D:7)
  4 gnolls
  10 adders
  A shadow imp (D:7)
  An ooze (D:2)
  An adder zombie (D:5)
  An adder skeleton (D:7)
  3 dart slugs
  3 leopard geckos
  12 orcs
  3 bats
  A giant cockroach (D:3)
  8 goblins
  6 hobgoblins
  10 kobolds
  3 quokkas
  5 ball pythons (D:3)
  A ball python skeleton (D:4)
  A ball python zombie (D:6)
  6 frilled lizards
  A leopard gecko zombie (D:5)
  4 rats
112 creatures vanquished.

Notes
Turn   | Place    | Note
-------+----------+-------------------------------------------
     0 | D:1      | Gorg the Hill Orc Monk began the quest for the Orb.
     0 | D:1      | Reached XP level 1. HP: 19/19 MP: 1/1
    72 | D:1      | Reached XP level 2. HP: 4/27 MP: 2/2
   487 | D:1      | Reached skill level 1 in Armour
   762 | D:1      | Reached XP level 3. HP: 31/33 MP: 1/3
  1080 | D:2      | Reached skill level 5 in Axes
  1446 | D:2      | HP: 1/33 [adder (2)]
  1553 | D:2      | Reached XP level 4. HP: 27/40 MP: 4/4
  2353 | D:3      | Reached XP level 5. HP: 31/47 MP: 2/5
  2663 | D:3      | Reached skill level 6 in Axes
  3028 | D:3      | Noticed Natasha
  3039 | D:3      | Killed Natasha
  4011 | D:3      | Noticed Natasha
  4030 | D:3      | Killed Natasha
  4030 | D:3      | Reached skill level 5 in Fighting
  4030 | D:3      | Reached XP level 6. HP: 16/56 MP: 2/6
  4299 | D:3      | Noticed Natasha
  4314 | D:3      | Killed Natasha
  4314 | D:3      | Reached skill level 7 in Axes
  4686 | D:4      | Noticed Duvessa
  4686 | D:4      | Noticed Dowan
  5090 | D:4      | Killed Duvessa
  5092 | D:4      | Killed Dowan
  5092 | D:4      | Reached XP level 7. HP: 33/61 MP: 3/7
  5378 | D:4      | Noticed Eustachio
  5445 | D:4      | Killed Eustachio
  5445 | D:4      | Reached skill level 8 in Axes
  5820 | D:5      | Entered Level 5 of the Dungeon
  6891 | D:6      | Reached skill level 9 in Axes
  7125 | D:6      | Became a worshipper of Beogh the Brigand
  7125 | D:6      | Reached * piety under Beogh
  7125 | D:6      | Reached ** piety under Beogh
  7149 | D:6      | Reached XP level 8. HP: 16/71 MP: 2/8
  7419 | D:6      | Found Soefyeng's Magic Scroll Boutique.
  7688 | D:6      | Found an ornate altar of the Wu Jian Council.
  7688 | D:6      | Found a sparkling altar of Nemelex Xobeh.
  7688 | D:6      | Found a stormy altar of Qazlal.
  7688 | D:6      | Found a shattered altar of Ashenzari.
  7695 | D:6      | Found a glowing silver altar of Zin.
  7699 | D:6      | Found a shimmering altar of Xom.
  8082 | D:7      | Reached skill level 5 in Armour
  8244 | D:7      | Reached skill level 10 in Axes
  8414 | D:7      | Found Cugirrea's Jewellery Emporium.
  8779 | D:7      | Reached skill level 11 in Axes
  8779 | D:7      | Reached XP level 9. HP: 63/79 MP: 6/9
  8920 | D:7      | Noticed Joseph
  8949 | D:7      | Identified a scroll of acquirement
  8950 | D:7      | Got a dazzling bardiche
  8951 | D:7      | Identified the +3 bardiche of Valour {drain, rF+ MR+} (You acquired it on level 7 of the Dungeon)
  8953 | D:7      | HP: 2/80 [Joseph/sling bullet (4)]
  8954 | D:7      | Shot with a sling bullet by Joseph

Skill      XL: |  1  2  3  4  5  6  7  8 |
---------------+-------------------------+-----
Fighting       | 4 5 6 7 |  7.6
Armour         | 1 2 3 4 5 |  5.9
Axes           | 5 6 7 9 11 | 11.0
Dodging        | |  2.4
Stealth        | |  1.5
Invocations    | |  0.3

Action                   |  1- 3 |  4- 6 |  7- 9 || total
-------------------------+-------+-------+-------++-------
Melee: Hand axe          |   108 |   275 |   413 ||   796
       Bardiche          |       |       |     3 ||     3
Invok: Convert to Beogh  |       |       |     1 ||     1
  Use: Potion            |     2 |       |       ||     2
       Scroll            |       |     7 |     1 ||     8
 Stab: Sleeping          |     1 |     1 |       ||     2
  Eat: Chunk             |     1 |     7 |     9 ||    17
       Ration            |       |     2 |     3 ||     5
Armor: Robe              |    18 |     7 |       ||    25
       Scale mail        |       |    33 |       ||    33
       Plate armour      |       |    48 |   310 ||   358
Dodge: Dodged            |    75 |   118 |    82 ||   275
